 Dungeon Crawl Stone Soup version 0.25.1-2-g60ff931df9 (webtiles) character file.

Game seed: 13860876013577264288

21527 DildoBatman the Transmogrifier (level 13, -10/98 HPs)
             Began as a Formicid Wizard on Sept 17, 2020.
             Was a High Priest of Kikubaaqudgha.
             Mangled by a komodo dragon (29 damage)
             ... on level 12 of the Dungeon on Sept 18, 2020.
             The game lasted 01:16:39 (17746 turns).

DildoBatman the Transmogrifier (Formicid Wizard)   Turns: 17746, Time: 01:16:40

Health: -10/98     AC: 10    Str: 14    XL:     13   Next: 20%
Magic:  3/23       EV: 14    Int: 23    God:    Kikubaaqudgha [*****.]
Gold:   1063       SH:  0    Dex:  9    Spells: 5/26 levels left

rFire    . . .     SeeInvis +   a - +5 short sword (flame)
rCold    . . .     Gourm    .   (no shield)
rNeg     . . .     Faith    .   o - +0 troll leather armour
rPois    +         Spirit   .   (helmet unavailable)
rElec    .         Reflect  .   j - +2 cloak {rCorr}
rCorr    +         Harm     .   (no gloves)
MR       +....                  Q - +0 pair of boots
Stlth    +++.......             V - amulet of the acrobat
HPRegen  0.66/turn              i - ring of stealth
MPRegen  0.18/turn              w - ring of poison resistance

@: no status effects
A: permanent stasis, dig shafts and tunnels, four strong arms, antennae 3,
strong 1
a: Dig, Shaft Self, Receive Corpses, Torment, Renounce Religion


You were on level 12 of the Dungeon.
You worshipped Kikubaaqudgha.
Kikubaaqudgha was extremely pleased with you.
You were hungry.

You visited 3 branches of the dungeon, and saw 15 of its levels.

You collected 1258 gold pieces.
You spent 195 gold pieces at shops.

Inventory:

Hand Weapons
 a - a +5 short sword of flaming (weapon)
 b - a +3 trident
 d - a +0 halberd of flaming
 W - a cursed +3 halberd
Missiles
 k - 99 bolts
 l - 422 stones
 t - 65 sling bullets
 u - 118 arrows
 D - 4 throwing nets
 N - 8 poisoned darts (quivered)
 O - 2 javelins
Armour
 j - a +2 cloak of preservation (worn)
 o - a +0 troll leather armour (worn)
 Q - a +0 pair of boots (worn)
Jewellery
 e - an uncursed amulet of reflection
 i - a ring of stealth (left hand)
 m - an uncursed ring of protection from cold
 w - a ring of poison resistance (right hand)
 E - an uncursed ring of protection from cold
 H - an uncursed ring of resist corrosion
 V - an amulet of the acrobat (around neck)
Wands
 h - a wand of enslavement (13)
 A - a wand of flame (22)
 Y - a wand of acid (11)
Scrolls
 c - 2 scrolls of enchant armour {unknown}
 g - a scroll of noise {unknown}
 n - a scroll of immolation {unknown}
 p - 2 scrolls of fear
 x - 5 scrolls of remove curse
 y - 3 scrolls of fog
 z - 3 scrolls of identify
 C - a scroll of magic mapping
 F - 2 scrolls of enchant weapon {unknown}
 K - a scroll of amnesia {unknown}
 L - a scroll of blinking {unknown}
Potions
 f - 2 potions of might
 q - 2 potions of curing
 r - a potion of berserk rage {unknown}
 s - a potion of stabbing {unknown}
 B - 2 potions of magic {unknown}
 G - a potion of resistance
 I - a potion of brilliance {unknown}
 J - a potion of cancellation {unknown}
 M - a potion of lignification {unknown}
 P - 2 potions of haste {unknown}
 T - a potion of invisibility
 U - a potion of degeneration {unknown}
 X - 3 potions of heal wounds
Miscellaneous
 R - a box of beasts
 S - a phantom mirror
Comestibles
 v - 11 rations
 Z - 13 chunks of flesh


   Skills:
 * Level 8.0 Fighting
 * Level 8.1 Armour
 - Level 7.0 Dodging
 - Level 2.4 Stealth
 - Level 7.0 Spellcasting
 - Level 6.0 Conjurations
   Level 1.0 Summonings
 - Level 9.0 Necromancy
   Level 0.8 Translocations
 - Level 9.0 Transmutations
 - Level 5.0 Fire Magic
 - Level 5.0 Air Magic


You had 5 spell levels left.
You knew the following spells:

 Your Spells              Type           Power        Failure   Level  Hunger
a - Conjure Flame         Conj/Fire      ####....     2%          3    None
c - Magic Dart            Conj           ####         1%          1    None
d - Vampiric Draining     Necr           #####.....   1%          3    None
e - Mephitic Cloud        Conj/Pois/Air  ###.....     6%          3    None
f - Blade Hands           Tmut           #####.....   6%          5    #####..
h - Dispel Undead         Necr           #####...     2%          4    ###....
z - Sublimation of Blood  Necr           #####.....   1%          2    None

Your spell library contained the following spells:

 Spells                   Type           Power        Failure   Level  Hunger
 Beastly Appendage        Tmut           #####.       1%          1    None
 Pain                     Necr           ####         1%          1    None
 Corpse Rot               Necr/Air       N/A          1%          2    None
 Sticks to Snakes         Tmut           #####...     1%          2    None
 Animate Dead             Necr           N/A          2%          4    ###....
 Spider Form              Tmut/Pois      ####......   4%          3    None
 Summon Small Mammal      Summ           ##..         6%          1    None
 Agony                    Necr           #####...     6%          5    #####..
 Call Imp                 Summ           ##......     9%          2    None
 Slow                     Hex            #.......     14%         2    None
 Ice Form                 Ice/Tmut       ####....     14%         4    ###....
 Call Canine Familiar     Summ           ##......     19%         3    None
 Summon Guardian Golem    Hex/Summ       ##......     22%         3    None
 Summon Lightning Spire   Summ/Air       ###.....     26%         4    ###....
 Excruciating Wounds      Chrm/Necr      ####......   36%         5    #####..
 Summon Ice Beast         Ice/Summ       ##......     58%         4    ###....
 Simulacrum               Ice/Necr       ####......   91%         6    ######.
 Blink                    Tloc           Unusable     N/A         2    N/A

Dungeon Overview and Level Annotations

Branches:
Dungeon (12/15)            Temple (1/1) D:6            Lair (0/6) D:8
    Orc (2/2) D:10            Elf (0/3) Orc:2

Altars:
Ashenzari
Cheibriados
Dithmenos
Elyvilon
Fedhas
Gozag
Hepliaklqana
Kikubaaqudgha
Makhleb
Nemelex Xobeh
Okawaru
Qazlal
Ru
Sif Muna
Trog
Uskayaw
Vehumet
Wu Jian
Xom
Yredelemnul
Zin
The Shining One
Beogh

Shops:
D:5 (   D:6 [   Orc:2 [!([

Annotations:
D:4 exclusion: cacodemon
D:8 exclusion: gargoyle
Orc:1 exclusion: orc warlord


Innate Abilities, Weirdness & Mutations

You cannot be hasted, slowed, berserked, paralysed or teleported.
You can dig through walls and to a lower floor.
Your four strong arms can wield two-handed weapons with a shield.
You have a pair of large antennae on your head. (SInv)
Your muscles are strong. (Str +2)


Message History

You hit the komodo dragon. You burn the komodo dragon.
The komodo dragon is heavily wounded.
You barely miss the komodo dragon.
The komodo dragon is heavily wounded.
The komodo dragon bites you!
You hit the komodo dragon. You burn the komodo dragon.
The komodo dragon is heavily wounded.
The komodo dragon barely misses you.
Casting: Mephitic Cloud (mildly dangerous; 6% risk of failure)
Confirm with . or Enter, or press ? or * to list all spells.
Aiming: Vampiric Draining (safe; 1% risk of failure)
Press: ? - help, Shift-Dir - straight line, f/p - komodo dragon
Aim: a komodo dragon (heavily wounded, confused)
The komodo dragon is severely wounded.
You feel life coursing into your body. The komodo dragon bites you!!
You die...
Kikubaaqudgha rasps: "You have failed me!
Welcome... death!"

#....l.........#
#..............#
##.............#
#....#####....#
.#....#...#....#
......#...#..>.#
###....#...#....#
......#...'....#
#....###.@....#
#........l....#
#.............#
#.............#
#.......#######
.##.##.......####
...........).##.##
............)#֠.#
#############)####


You could see a komodo dragon (confused).

Vanquished Creatures
  Harold (D:8)
  Erica (D:11)
  3 two-headed ogres (D:8)
  Nergalle (D:11)
  5 skeletal warriors (D:11)
  2 unseen horrors (D:11)
  3 orc sorcerers
  Psyche (D:11)
  Maurice (D:11)
  A gargoyle (D:12)
  A kobold demonologist (D:11)
  3 trolls
  A hornet (D:9)
  Prince Ribbit (D:7)
  A shadow (D:11)
  5 yaks (D:12)
  Sigmund (D:4)
  A wyvern (D:8)
  4 hogs (D:7)
  A human (D:7)
  A steam dragon (D:11)
  A hungry ghost (D:11)
  4 wargs (Orc:2)
  2 water moccasins
  24 orc warriors
  An ice beast (D:6)
  4 sky beasts
  2 ogres
  2 black bears
  A necrophage (D:5)
  4 phantoms
  A big kobold (D:10)
  2 bullfrogs
  2 wyvern zombies (D:10)
  4 scorpions
  14 killer bees
  11 wights
  A howler monkey (D:11)
  A bullfrog zombie (D:5)
  7 crimson imps
  8 hounds
  A centaur zombie (D:11)
  19 orc priests
  5 jellies
  A bullfrog skeleton (D:6)
  A gnoll shaman (Orc:2)
  20 orc wizards
  3 centaur skeletons
  An iguana (D:7)
  Terence (D:2)
  12 worker ants
  2 hound skeletons
  13 gnolls
  7 adders
  A shadow imp (D:8)
  2 adder zombies
  An adder skeleton (D:8)
  4 worms
  2 dart slugs
  5 leopard geckos
  80 orcs
  5 giant cockroaches
  5 goblins
  9 hobgoblins
  13 jackals
  5 quokkas
  2 ball pythons
  10 bats
  4 frilled lizards
  15 kobolds
  A leopard gecko skeleton (D:8)
  4 rats
  A fungus (D:8)
390 creatures vanquished.

Vanquished Creatures (collateral kills)
  3 killer bees
3 creatures vanquished.

Vanquished Creatures (others)
  2 fungi (D:8)
2 creatures vanquished.

Grand Total: 395 creatures vanquished

Notes
Turn   | Place    | Note
-------+----------+-------------------------------------------
     0 | D:1      | DildoBatman the Formicid Wizard began the quest for the
                  | Orb.
     0 | D:1      | Reached XP level 1. HP: 13/13 MP: 4/4
    23 | D:1      | Reached skill level 1 in Conjurations
   225 | D:1      | You fall into a shaft and drop 1 floor!
   229 | D:2      | Reached XP level 2. HP: 17/19 MP: 1/6
   899 | D:1      | Reached XP level 3. HP: 23/24 MP: 4/7
  1625 | D:2      | Found an ornate altar of the Wu Jian Council.
  1645 | D:2      | Reached XP level 4. HP: 30/30 MP: 5/8
  2104 | D:2      | Noticed Terence
  2339 | D:2      | Found a faded altar of an unknown god.
  2479 | D:2      | You fall into a shaft and drop 2 floors!
  3151 | D:3      | Learned a level 3 spell: Conjure Flame
  3155 | D:3      | Learned a level 3 spell: Mephitic Cloud
  3412 | D:3      | Reached XP level 5. HP: 35/35 MP: 4/9
  3571 | D:3      | Found a white marble altar of Elyvilon.
  3979 | D:3      | Found a shimmering altar of Xom.
  4207 | D:4      | Reached XP level 6. HP: 41/41 MP: 5/10
  4239 | D:3      | Reached skill level 5 in Conjurations
  4391 | D:4      | Noticed Sigmund
  4640 | D:4      | Found a burning altar of Makhleb.
  4642 | D:4      | Noticed a cacodemon
  5019 | D:4      | Found a glowing silver altar of Zin.
  5019 | D:4      | Noticed an angel
  5037 | D:5      | Entered Level 5 of the Dungeon
  5349 | D:5      | Found a radiant altar of Vehumet.
  5487 | D:5      | Noticed a phantom
  5687 | D:5      | Found Vauhokk's Weapon Shop.
  5867 | D:5      | Reached skill level 1 in Fire Magic
  5867 | D:5      | Reached XP level 7. HP: 19/46 MP: 8/11
  5913 | D:6      | Found Lall's Armour Emporium.
  5954 | D:6      | Reached skill level 1 in Air Magic
  6240 | D:6      | Found a staircase to the Ecumenical Temple.
  6253 | Temple   | Entered the Ecumenical Temple
  6366 | Temple   | Became a worshipper of Kikubaaqudgha
  6767 | D:2      | Killed Terence
  6919 | D:4      | Killed Sigmund
  6919 | D:4      | Reached XP level 8. HP: 48/52 MP: 4/12
  7591 | D:7      | Noticed a +0 dagger
  7591 | D:7      | Noticed a +0 hand axe
  7748 | D:7      | Found a hide-covered altar of Uskayaw.
  7892 | D:7      | Reached skill level 1 in Armour
  7969 | D:7      | Reached skill level 1 in Fighting
  8048 | D:7      | Reached * piety under Kikubaaqudgha
  8048 | D:7      | Identified Kikubaaqudgha's Compendium of Dark Magic
                  | (Kikubaaqudgha gifted it to you on level 7 of the Dungeon)
  8048 | D:7      | Received a gift from Kikubaaqudgha
  8302 | D:7      | Noticed a hog
  8302 | D:7      | Noticed a hog
  8302 | D:7      | Noticed a human
  8302 | D:7      | Noticed a hog
  8303 | D:7      | Noticed a hog
  8309 | D:7      | Killed a hog
  8309 | D:7      | Reached skill level 5 in Fire Magic
  8309 | D:7      | Reached XP level 9. HP: 44/61 MP: 2/13
  8371 | D:7      | Found a glowing golden altar of the Shining One.
  8373 | D:7      | Noticed an angel
  8384 | D:7      | Found a basalt altar of Yredelemnul.
  8386 | D:7      | Noticed a profane servitor
  8863 | D:7      | Reached skill level 1 in Necromancy
  9315 | D:8      | Found a staircase to the Lair.
  9563 | D:8      | Noticed Prince Ribbit
  9591 | D:8      | Noticed a two-headed ogre
  9822 | D:8      | Reached XP level 10. HP: 65/71 MP: 9/15
  9847 | D:8      | Reached skill level 5 in Air Magic
  9864 | D:8      | Noticed a two-headed ogre
 10100 | D:8      | Noticed Harold
 10271 | D:8      | Noticed a two-headed ogre
 10318 | D:8      | Killed a two-headed ogre
 10318 | D:8      | Reached ** piety under Kikubaaqudgha
 10318 | D:8      | Reached skill level 5 in Fighting
 10318 | D:8      | Reached skill level 5 in Armour
 10326 | D:8      | Learned a level 2 spell: Sublimation of Blood
 10330 | D:8      | Learned a level 3 spell: Vampiric Draining
 10368 | D:8      | Noticed a gargoyle
 10446 | D:8      | Killed a two-headed ogre
 10446 | D:8      | Reached skill level 5 in Dodging
 10446 | D:8      | Reached skill level 5 in Spellcasting
 10540 | D:8      | Killed Harold
 10753 | D:7      | Killed Prince Ribbit
 10917 | D:8      | Reached XP level 11. HP: 78/81 MP: 16/19
 10992 | D:8      | Killed a two-headed ogre
 11742 | D:9      | Reached skill level 5 in Necromancy
 12009 | D:9      | Found a shimmering blue altar of Sif Muna.
 12009 | D:9      | Found an iron altar of Okawaru.
 12053 | D:10     | Entered Level 10 of the Dungeon
 12308 | D:10     | Found a sacrificial altar of Ru.
 12404 | D:10     | Reached *** piety under Kikubaaqudgha
 12404 | D:10     | Identified Kikubaaqudgha's Reference Book on Dark Arts
                  | (Kikubaaqudgha gifted it to you on level 10 of the Dungeon)
 12404 | D:10     | Received a gift from Kikubaaqudgha
 12446 | D:10     | Found a staircase to the Orcish Mines.
 12472 | D:10     | Learned a level 4 spell: Dispel Undead
 12478 | D:10     | Learned a level 5 spell: Blade Hands
 12596 | D:10     | Reached skill level 1 in Transmutations
 13179 | Orc:1    | Entered Level 1 of the Orcish Mines
 13641 | Orc:1    | Noticed an orc sorcerer
 13680 | Orc:1    | Killed an orc sorcerer
 13821 | Orc:2    | Entered Level 2 of the Orcish Mines
 13867 | Orc:2    | Noticed an orc sorcerer
 13899 | Orc:2    | Killed an orc sorcerer
 13925 | Orc:2    | Reached skill level 5 in Transmutations
 13966 | Orc:2    | Found a staircase to the Elven Halls.
 14034 | Orc:2    | Reached **** piety under Kikubaaqudgha
 14154 | Orc:2    | Noticed an orc sorcerer
 14166 | Orc:2    | Killed an orc sorcerer
 14263 | Orc:2    | Found a roughly hewn altar of Beogh.
 14267 | Orc:2    | Found Caetotau's Armour Boutique.
 14300 | Orc:2    | Found a roughly hewn altar of Beogh.
 14353 | Orc:2    | Found a roughly hewn altar of Beogh.
 14395 | Orc:2    | Found Jumu's Distillery.
 14403 | Orc:2    | Bought a potion of mutation for 120 gold pieces
 14403 | Orc:2    | Bought a potion of heal wounds for 75 gold pieces
 14403 | Orc:2    | Gained mutation: You are agile. (Dex +2) [potion of
                  | mutation]
 14403 | Orc:2    | Gained mutation: You are frail. (-10% HP) [potion of
                  | mutation]
 14403 | Orc:2    | Gained mutation: Your mind is acute. (Int +2) [potion of
                  | mutation]
 14404 | Orc:2    | Lost mutation: You are frail. (-10% HP) [potion of
                  | mutation]
 14404 | Orc:2    | Lost mutation: Your mind is acute. (Int +2) [potion of
                  | mutation]
 14404 | Orc:2    | Lost mutation: You are agile. (Dex +2) [potion of mutation]
 14404 | Orc:2    | Gained mutation: Your muscles are strong. (Str +2) [potion
                  | of mutation]
 14404 | Orc:2    | Gained mutation: You are frail. (-10% HP) [potion of
                  | mutation]
 14404 | Orc:2    | Lost mutation: You are frail. (-10% HP) [potion of
                  | mutation]
 14486 | Orc:2    | Reached XP level 12. HP: 77/89 MP: 21/21
 14665 | Orc:2    | Found a roughly hewn altar of Beogh.
 14839 | Orc:2    | Reached ***** piety under Kikubaaqudgha
 14846 | Orc:2    | Found a roughly hewn altar of Beogh.
 15024 | Orc:2    | Noticed an orc warlord
 15649 | Orc:2    | Found Riosehil's Antique Armour Shoppe.
 15650 | Orc:2    | Found a roughly hewn altar of Beogh.
 15653 | Orc:2    | Found Afitiff's Antique Weapon Emporium.
 15761 | Orc:2    | Found a roughly hewn altar of Beogh.
 15920 | D:11     | Noticed Psyche
 15931 | D:11     | Killed Psyche
 16052 | D:11     | Noticed Maurice
 16067 | D:11     | Killed Maurice
 16097 | D:11     | Noticed Nergalle
 16254 | D:11     | Killed Nergalle
 16282 | D:11     | Noticed Erica
 16332 | D:11     | Killed Erica
 16536 | D:11     | Noticed an unseen horror
 16544 | D:11     | Killed an unseen horror
 16606 | D:11     | Noticed a skeletal warrior
 16607 | D:11     | Noticed a skeletal warrior
 16607 | D:11     | Noticed a skeletal warrior
 16607 | D:11     | Noticed a skeletal warrior
 16608 | D:11     | Noticed a skeletal warrior
 16620 | D:11     | Killed a skeletal warrior
 16746 | D:11     | Killed a skeletal warrior
 17026 | D:11     | Noticed an unseen horror
 17048 | D:11     | Killed an unseen horror
 17173 | D:11     | Killed a skeletal warrior
 17173 | D:11     | Reached XP level 13. HP: 85/96 MP: 10/23
 17746 | D:12     | Mangled by a komodo dragon

Illustrated notes

Levels and vault maps discovered:
D:1:      sevenhm_arrival_forest_fort_small_5, layout_basic
D:2:      layout_loops_corners, lemuel_round_altar,
          chequers_ecumenical_altar_lobes, uniq_terence
D:3:      layout_basic, elyvilon_altar_3, xom_teletrap_fun
D:4:      layout_loops_ring, grunt_temple_overflow_order_and_chaos_2,
          first_ration, grunt_ministairs_9, uniq_sigmund
D:5:      layout_loops_ring, serial_shops, shop, amethyst_killhole,
          kennysheep_nondescript, minmay_misc_feat_plants, minivault_26,
          vehumet_altar_wand_db
D:6:      layout_loops_ring, minmay_temple_entry_poolview, serial_shops, shop
D:7:      layout_gridville, grunt_temple_overflow_holy_war,
          dancing_weapons_uskayaw, grunt_livestock
D:8:      cheibrodos_barr_body, layout_basic, dpeg_oklobed_lair, uniq_harold,
          uniq_prince_ribbit1
D:9:      layout_loops_ring, gammafunk_temple_overflow_elements
D:10:     layout_irregular_city, david_orc_2, nicolae_ru_sacrificial_ziggurat
D:11:     layout_roguey, uniq_erica, uniq_maurice, uniq_nergalle, uniq_psyche
D:12:     minmay_stepped, layout_irregular_city
Temple:   minmay_temple_bridge_abc
Orc:1:    layout_caves, nicolae_orc_stony_grotto
Orc:2:    grunt_orc_community_town_hall, layout_diamond_mine,
          grunt_orc_community_big_house_2, grunt_orc_community_big_house_1,
          grunt_orc_community_house_3, grunt_orc_community_house_1,
          grunt_orc_community_house_3, grunt_orc_community_house_1,
          grunt_orc_community_house_3, grunt_orc_community_house_1

Skill      XL: |  1  2  3  4  5  6  7  8  9 10 11 12 13 |
---------------+----------------------------------------+-----
Conjurations   | 1 2 3 4 5 6 |  6.0
Fire Magic     | 1 3 5 |  5.0
Air Magic      | 2 4 5 |  5.0
Dodging        | 2 4 5 6 7 |  7.0
Armour         | 2 4 6 7 8 |  8.1
Fighting       | 2 4 5 6 7 8 |  8.0
Necromancy     | 1 4 5 8 9 |  9.0
Spellcasting   | 5 6 7 |  7.0
Transmutations | 6 9 |  9.0
Stealth        | |  2.4
Summonings     | |  1.0
Translocations | |  0.8

Action                   |  1- 3 |  4- 6 |  7- 9 | 10-12 | 13-15 || total
-------------------------+-------+-------+-------+-------+-------++-------
Melee: Unarmed           |    12 |       |       |    63 |    27 ||   102
       Club              |     4 |       |       |       |       ||     4
       Short sword       |     6 |    14 |    31 |   409 |    70 ||   530
       Mace              |       |    42 |   232 |    33 |       ||   307
       Spear             |       |       |    70 |       |       ||    70
       Trident           |       |       |       |   179 |       ||   179
Throw: Boomerang         |       |       |    23 |       |       ||    23
       Dart              |       |       |    17 |       |       ||    17
 Cast: Magic Dart        |    74 |   159 |    99 |    65 |     2 ||   399
       Conjure Flame     |       |     2 |    30 |    69 |     4 ||   105
       Mephitic Cloud    |       |       |    35 |    97 |    11 ||   143
       Vampiric Draining |       |       |       |    30 |     1 ||    31
       Sublimation of Bl |       |       |       |     1 |       ||     1
       Dispel Undead     |       |       |       |    15 |    11 ||    26
       Blade Hands       |       |       |       |     9 |     3 ||    12
 Abil: Dig               |     1 |    13 |     7 |    35 |    12 ||    68
Evoke: Wand              |       |       |     7 |    19 |       ||    26
  Use: Scroll            |       |     1 |     5 |     3 |       ||     9
       Potion            |       |       |     2 |     2 |       ||     4
 Stab: Sleeping          |     1 |       |     1 |       |       ||     2
       Confused          |       |       |    12 |    47 |     2 ||    61
  Eat: Chunk             |     1 |    13 |    11 |    33 |       ||    58
       Ration            |       |       |     3 |     1 |     1 ||     5
Armor: Robe              |    19 |    14 |    39 |    13 |       ||    85
       Troll leather arm |       |       |       |    67 |     9 ||    76
Dodge: Dodged            |    27 |    41 |   149 |   407 |    62 ||   686
Block: Other             |     7 |    20 |    60 |    37 |       ||   124
       Reflection        |       |     1 |     1 |     3 |       ||     5
